 Dungeon Crawl Stone Soup version 0.28-a0-932-g843f935a50 (webtiles) character file.

Game seed: 13832802666650001769

3021 AvatarAndi78 the Slasher (level 9, 0/73 HPs)
             Began as a Palentonga Berserker on Nov 27, 2021.
             Was a Priest of Trog.
             Killed from afar by an electric eel (11 damage)
             ... with a bolt of electricity
             ... on level 8 of the Dungeon.
             The game lasted 00:17:04 (7551 turns).

AvatarAndi78 the Slasher (Palentonga Berserker)     Turns: 7551, Time: 00:17:05

Health: 0/73       AC: 22    Str: 21    XL:     9   Next: 55%
Magic:  9/9        EV:  5    Int:  9    God:    Trog [***...]
Gold:   423        SH:  0    Dex: 11    Spells: 8/8 levels left

rFire   + . .      SeeInvis +   n - +1 long sword
rCold   . . .      Faith    +   (no shield)
rNeg    + . .      Spirit   .   F - +0 plate armour
rPois   .          Reflect  .   e - +0 helmet
rElec   .          Harm     .   b - +0 cloak
rCorr   .          Rampage  .   (no gloves)
Will    +++..                   (no barding)
Stlth   ..........              k - amulet of faith
HPRegen 1.22/turn               i - ring of positive energy
MPRegen 0.11/turn               a - ring of willpower

@: strong-willed, regenerating, curled up, very slow
A: large, rugged brown scales 3, see invisible, deformed body, roll 1, armoured
tail, reflexive curl, stinger 1, talons 1, iridescent scales 1, fire resistance
1
a: Rolling Charge, Renounce Religion, Berserk, Trog's Hand


You were on level 8 of the Dungeon.
You worshipped Trog.
Trog was most pleased with you.
You visited 1 branch of the dungeon, and saw 8 of its levels.

You collected 423 gold pieces.

Inventory:

Hand Weapons
 n - a +1 long sword (weapon)
Missiles
 h - 3 javelins
 E - 17 poisoned darts (quivered)
Armour
 b - a +0 cloak (worn)
 e - a +0 helmet (worn)
 u - the +1 chain mail of Understanding {rPois Regen+ Dex-4}
   (You found it on level 5 of the Dungeon)

   Dex:       It affects your dexterity (-4).
   rPois:     It protects you from poison.
   Regen:     It increases your rate of health regeneration.
 F - a +0 plate armour (worn)
Jewellery
 a - a ring of willpower (right hand)
 i - a ring of positive energy (left hand)
 k - an amulet of faith (around neck)
 l - a +6 ring of strength
 r - a +4 ring of protection
Wands
 j - a wand of mindburst (15)
 m - a wand of polymorph (8)
 q - a wand of iceblast (18)
 v - a wand of flame (34)
 x - a wand of charming (8)
 A - a wand of digging (3)
Scrolls
 c - a scroll of immolation {unknown}
 d - a scroll of magic mapping
 f - 6 scrolls of teleportation
 o - 4 scrolls of identify
 p - 2 scrolls of enchant weapon
 y - a scroll of summoning {unknown}
 D - a scroll of enchant armour {unknown}
Potions
 g - a potion of curing
 s - a potion of magic {unknown}
 w - a potion of cancellation
 z - a potion of resistance
 B - a potion of flight
 C - a potion of ambrosia {unknown}


   Skills:
 + Level 5.9 Fighting
 + Level 7.6 Long Blades
 + Level 5.2 Axes
 + Level 0.6 Throwing
 + Level 6.4 Armour
 + Level 2.9 Dodging
 + Level 1.2 Stealth
 + Level 0.6 Evocations


You had 8 spell levels left.
You didn't know any spells.
Your spell library was empty.

Dungeon Overview and Level Annotations

Branches:
Dungeon (8/15)             Temple (0/1) D:7
   Lair: D:8-11

Altars:
Ashenzari
Fedhas
Gozag
Kikubaaqudgha
Nemelex Xobeh
Okawaru
Qazlal
Ru
Sif Muna
Vehumet
Xom


Innate Abilities, Weirdness & Mutations

You are completely covered in rugged brown scales. (AC +3, +7% HP)
You have supernaturally acute eyesight. (SInv)
Armour fits poorly on your strangely shaped body.
You can roll at nearby foes to attack.
You have a long armoured tail.
You curl defensively after being hit. (AC +7*)
Your tail ends in a venomous barb.
You have sharp toenails.
You are partially covered in iridescent scales. (AC +2)
Your flesh is heat resistant. (rF+)


Message History

No target in view!
An electric eel comes into view.
The electric eel shoots out a bolt of lightning at you!
The bolt of electricity hits the plant!
The plant begins to die.
The bolt of electricity hits you but does no damage.
Found a scroll of torment.
The electric eel shoots out a bolt of lightning at you!
The bolt of electricity hits the plant! x2; The plant begins to die.
The bolt of electricity hits you!
The electric eel shoots out a bolt of lightning at you!
The bolt of electricity hits the plant.
The bolt of electricity hits the plant!
The bolt of electricity hits you!
The electric eel shoots out a bolt of lightning at you!
The bolt of electricity hits the plant!
The bolt of electricity hits you!
The electric eel shoots out a bolt of lightning at you!
The bolt of electricity hits you!
You are too injured to fight recklessly!
You are too injured to fight recklessly!
Your skin crawls.
You feel strong-willed.
A nearby plant withers and dies. x2
The electric eel shoots out a bolt of lightning at you!
The bolt of electricity hits you!
* * * LOW HITPOINT WARNING * * *
You enter the shallow water.
Moving in this stuff is going to be slow.
The electric eel shoots out a bolt of lightning at you!
The bolt of electricity hits you.
* * * LOW HITPOINT WARNING * * *
The bolt of electricity hits you!
* * * LOW HITPOINT WARNING * * *
The bolt of electricity hits the electric eel.
The electric eel completely resists.
You barely miss the electric eel. You closely miss the electric eel.
Your plate armour prevents you from hitting the electric eel.
Your kick misses the electric eel.
The electric eel shoots out a bolt of lightning at you!
The bolt of electricity hits you!
You die...

####### ###########
##.....# ###.........#
#....♣.. ............#
.P..?# #.........#
...P## #.........#
♣P..## #.........# .≈
♣...# ##...##...#
.≈≈≈♣@..###.##+##...#
♣≈S≈....#....##...##
♣≈≈≈♣♣.............##
#..≈≈≈≈≈...............
#♣..≈≈.................
#♣♣....P..##...♣♣♣♣♣..
#P....####..♣♣♣♣♣♣♣♣.
##PP.. ##..≈≈≈≈≈≈≈≈P♣
###.P #..≈≈≈≈≈≈≈≈≈P♣


You could see an electric eel.

Vanquished Creatures
  A kobold demonologist (D:6)
  Prince Ribbit (D:5)
  Grinder (D:3)
  Sigmund (D:5)
  A steam dragon (D:4)
  A water moccasin (D:5)
  A sky beast (D:7)
  3 ice beasts
  3 orc warriors
  5 ogres
  A centaur (D:6)
  A kobold brigand (D:7)
  2 bullfrogs
  An electric eel (D:8)
  A bullfrog zombie (D:5)
  A centaur zombie (D:8)
  4 orc priests
  A hound (D:5)
  A bullfrog skeleton (D:7)
  2 centaur skeletons
  An iguana (D:3)
  2 orc wizards (D:8)
  A hound skeleton (D:4)
  9 adders
  A white imp (D:5)
  An adder skeleton (D:4)
  2 worms
  4 dart slugs
  13 orcs
  10 ball pythons
  9 bats
  9 endoplasms
  A giant cockroach (D:4)
  6 goblins
  7 hobgoblins
  15 jackals
  15 kobolds
  4 quokkas
  5 frilled lizards
  8 rats
156 creatures vanquished.

Vanquished Creatures (others)
  7 plants
7 creatures vanquished.

Grand Total: 163 creatures vanquished

Notes
Turn   | Place    | Note
-------+----------+-------------------------------------------
     0 | D:1      | AvatarAndi78 the Palentonga Berserker began the quest for
                  | the Orb.
     0 | D:1      | Reached XP level 1. HP: 19/19 MP: 1/1
   250 | D:1      | Reached XP level 2. HP: 25/25 MP: 2/2
   358 | D:1      | Found a faded altar of an unknown god.
   496 | D:1      | Reached XP level 3. HP: 29/31 MP: 3/3
   747 | D:2      | Reached ** piety under Trog
   826 | D:2      | Reached XP level 4. HP: 39/39 MP: 4/4
  1501 | D:3      | Reached XP level 5. HP: 29/44 MP: 5/5
  2203 | D:3      | Found a faded altar of an unknown god.
  2208 | D:3      | Found an opulent altar of Gozag.
  2316 | D:3      | Noticed Grinder
  2347 | D:3      | Gained mutation: Your flesh is heat resistant. (rF+)
                  | [potion of mutation]
  2347 | D:3      | Gained mutation: Your tail ends in a venomous barb. [potion
                  | of mutation]
  2347 | D:3      | Gained mutation: You have hidden genetic potential. [potion
                  | of mutation]
  2356 | D:3      | Killed Grinder
  2357 | D:3      | Reached skill level 1 in Long Blades
  2357 | D:3      | Reached skill level 5 in Axes
  2357 | D:3      | Reached XP level 6. HP: 12/51 MP: 6/6
  2362 | D:3      | Gained mutation: You have sharp toenails. [hidden
                  | potential]
  2929 | D:4      | Reached skill level 2 in Long Blades
  3022 | D:4      | Found an ancient bone altar of Kikubaaqudgha.
  3023 | D:4      | Found a shimmering blue altar of Sif Muna.
  3097 | D:4      | Reached *** piety under Trog
  3291 | D:4      | Gained mutation: You curl defensively after being hit. (AC
                  | +7*) [Palentonga growth]
  3291 | D:4      | Reached XP level 7. HP: 58/58 MP: 7/7
  3362 | D:4      | Found an iron altar of Okawaru.
  3364 | D:4      | Found a sparkling altar of Nemelex Xobeh.
  3439 | D:4      | Found a shimmering altar of Xom.
  3441 | D:4      | Found a radiant altar of Vehumet.
  3447 | D:4      | Noticed a steam dragon
  3460 | D:4      | Killed a steam dragon
  3461 | D:4      | Reached skill level 3 in Long Blades
  3461 | D:4      | Reached skill level 1 in Stealth
  3466 | D:4      | Gained mutation: You are partially covered in iridescent
                  | scales. (AC +2) [hidden potential]
  3466 | D:4      | Lost mutation: You have hidden genetic potential. [hidden
                  | potential expressed]
  3839 | D:5      | Entered Level 5 of the Dungeon
  3846 | D:5      | Found a blossoming altar of Fedhas.
  4106 | D:5      | Identified the +1 chain mail of Understanding {rPois Regen+
                  | Dex-4}
  4211 | D:5      | Reached skill level 4 in Long Blades
  4253 | D:5      | Found a sacrificial altar of Ru.
  4253 | D:5      | Noticed Sigmund
  4268 | D:5      | Killed Sigmund
  4557 | D:5      | Found a broken altar of Ashenzari.
  4614 | D:5      | Noticed Prince Ribbit
  4625 | D:5      | Killed Prince Ribbit
  4626 | D:5      | Reached skill level 5 in Fighting
  4626 | D:5      | Reached skill level 5 in Long Blades
  4626 | D:5      | Reached XP level 8. HP: 41/66 MP: 8/8
  5736 | D:6      | HP: 3/99 [orc warrior (6)]
  5738 | D:6      | Reached skill level 6 in Long Blades
  5738 | D:6      | Reached skill level 5 in Armour
  6238 | D:6      | Noticed a kobold demonologist
  6244 | D:6      | Noticed a sun demon
  6253 | D:6      | Killed a kobold demonologist
  6254 | D:6      | Reached XP level 9. HP: 71/72 MP: 9/9
  6536 | D:7      | Found a staircase to the Ecumenical Temple.
  6723 | D:7      | Reached skill level 7 in Long Blades
  6878 | D:7      | Found a stormy altar of Qazlal.
  7551 | D:8      | Killed from afar by an electric eel

Illustrated notes

Levels and vault maps discovered:
D:1:      scummos_arrival_simple_crosswalls, layout_basic,
          hellmonk_ecumenical_altar_dog_temple, corner_web_ring, minmay_unequal
D:2:      layout_rooms
D:3:      layout_rooms, nicolae_overflow_ecumenical_swirl, nrook_uturn,
          st_stairs_9, uniq_grinder
D:4:      layout_gridville, chequers_temple_overflow_statue_of_worship,
          nicolae_overflow_hidden_temple, chequers_serial_rivers_marsh,
          grunt_decor_cap, guppyfry_early_lair_pool
D:5:      layout_layer_cave, nicolae_ashenzari_panopticon,
          mainiacjoe_overflow_24_doors, mainiacjoe_overflow_boulevard,
          minmay_splitting_lines, uniq_sigmund, uniq_prince_ribbit1
D:6:      layout_basic
D:7:      layout_rooms, grunt_qazlal_clouds, minmay_temple_entry_ruins
D:8:      layout_gridville, dpeg_oklobed_lair, serial_bayou,
          serial_bayou_pond_e, serial_bayou_ford_a, serial_bayou_pond_a,
          serial_bayou_pond_a, moated_statue, eino_jars, uniq_grum

Skill      XL: |  1  2  3  4  5  6  7  8  9 |
---------------+----------------------------+-----
Axes           | 4 5 |  5.2
Armour         | 2 3 4 5 6 |  6.4
Dodging        | 2 |  2.9
Fighting       | 4 5 |  5.9
Long Blades    | 1 2 5 6 7 |  7.6
Stealth        | 1 |  1.2
Throwing       | |  0.6
Evocations     | |  0.6

Action                   |  1- 3 |  4- 6 |  7- 9 || total
-------------------------+-------+-------+-------++-------
Melee: Hand axe          |    89 |    96 |       ||   185
       Tailslap          |     7 |    23 |    23 ||    53
       Long sword        |       |    91 |   215 ||   306
       Kick              |       |     8 |    65 ||    73
Throw: Javelin           |       |     2 |       ||     2
       Dart              |       |       |    11 ||    11
Invok: Berserk           |     2 |     3 |     4 ||     9
       Trog's Hand       |       |     3 |     6 ||     9
Evoke: Wand              |       |       |    11 ||    11
  Use: Scroll            |       |     4 |     3 ||     7
       Potion            |       |     2 |     5 ||     7
Armor: Animal skin       |     5 |       |       ||     5
       Ring mail         |    55 |   116 |       ||   171
       Chain mail        |       |       |   125 ||   125
       Plate armour      |       |       |     6 ||     6
Dodge: Dodged            |    66 |    96 |    74 ||   236

Table legend: (Time is in decaauts)
 A = Elapsed time spent in this place.
 B = Non-inter-level travel time spent in this place.
 C = Inter-level travel time spent in this place.
 D = Time resting spent in this place.
 E = Time spent auto-exploring this place.
 F = Levels seen in this place.
 G = Mean time per level.
                   A        B        C        D        E       F      G
               +--------+--------+--------+--------+--------+-----+--------+
         Total |   7699 |   7533 |    166 |      0 |   6221 |   8 |  962.4 |
       Dungeon |   7699 |   7533 |    166 |      0 |   6221 |   8 |  962.4 |
               +--------+--------+--------+--------+--------+-----+--------+

Top non-repeatable levels by time:
     D:5: 1589 daAuts
     D:3: 1353 daAuts
     D:6: 1116 daAuts
     D:4: 997 daAuts
     D:2: 795 daAuts
     D:1: 782 daAuts
     D:7: 710 daAuts
     D:8: 355 daAuts
